[Event "Paul Kerese Mälestusfestival 2022 Kiirturniir"]
[Site "Pärnu, Estonia Resort Hotel & Spa"]
[Date "????.??.??"]
[Round "3.6"]
[White "Krilovs, Nikolajs"]
[Black "Volodin, Aleksandr"]
[Result "0-1"]
[TimeControl "15 minutit partiile + 3 sek käigule"]
[BlackTitle "GM"]
[WhiteElo "1954"]
[BlackElo "2407"]

1. d4 Nf6 2. Nf3 e6 3. c4 d5 4. Nc3 c6 5. e3 Nbd7 6. a3 Bd6 7. Be2 dxc4 8. Bxc4 b5 9. Bd3 Bb7 10. O-O O-O 11. Qe2 a6 12. e4 e5 13. Bg5 Re8 14. Rad1 exd4 15. Nxd4 h6 16. Bh4 Qc7 17.
Bg3 Bxg3 18. hxg3 c5 19. Nf5 b4 20. axb4 cxb4 21. Na2 Bxe4 22. Bxe4 Rxe4 23. Qd2 a5 24. Nc1 Nc5 25. Qc2 Ne6 26.
Qxc7 Nxc7 27. Rd6 Ncd5 28. Nd3 a4 29. Nc5 Re2 30. Rd1 a3 31. bxa3 bxa3 32. Nd4 Rb2 33. Ndb3 a2 34. R1xd5 Nxd5 35. Rxd5 a1=Q+ 36. Nxa1 Rxa1+ 37. Kh2 Rxf2 38. Ne4 Rc2 39. Rd8+ Kh7 40. Rd7 Kg6 41. Rd6+ f6 42. g4 Raa2 0-1

[Event "Paul Kerese Mälestusfestival 2022 Kiirturniir"]
[Site "Pärnu, Estonia Resort Hotel & Spa"]
[Date "????.??.??"]
[Round "3.7"]
[White "Mikko, Rondo"]
[Black "Golubovskis, Maksims"]
[Result "1/2-1/2"]
[TimeControl "15 minutit partiile + 3 sek käigule"]
[BlackTitle "FM"]
[WhiteElo "1893"]
[BlackElo "2209"]

1. Nf3 Nf6 2. g3 c5 3. Bg2 Nc6 4. O-O e5 5.
d3 d5 6.
Nbd2 Be7 7. e4 d4 8. a4 O-O 9. Nc4 Qc7 10. Bg5 Be6 11.
Nfd2 Nd7 12. Bxe7 Nxe7 13. f4 f5 14. Nxe5 Nxe5 15. fxe5 Qxe5 16. Qh5 Bf7 17. Qg5 h6 18. Qf4 Qxf4 19.
gxf4 fxe4 20. dxe4 Rad8 21. Rae1 Nc6 22. e5 Bg6 23. Be4 Bxe4 24. Nxe4 Rd5 25. c4 dxc3 26. bxc3 b6 27. Kg2 Ne7 28.
Kg3 Nf5+ 29. Kg4 Rd3 30. Rf2 Ne3+ 31. Kh4 Nf5+ 32. Kg4 Ne3+ 33. Kh4 Rxf4+ 34. Rxf4 Ng2+ 35. Kg4 Nxe1 36. e6 Rd8 37. Nd6 Rxd6 38. e7 Rg6+ 39. Kh3 Re6 40. Rf8+ Kh7 41. e8=Q Rxe8 42. Rxe8 Nd3 43. Ra8 Nf4+ 44. Kg4 Nd5 45. Rxa7 Nxc3 46. a5 bxa5 47. Rxa5 Ne4 48. Kf4 Nf6 49.
Rxc5 Kg6 50. Ra5 Nh5+ 51. Ke4 Nf6+ 52. Kf4 Nh5+ 53. Ke5 Nf6 54. Ke6 Ng4 55. h3 Nf6 56. Ra3 Ne4 57. Re3 Ng5+ 58. Ke5 Kh5 59.
Kf5 g6+ 60. Kf6 Nh7+ 61. Kg7 Ng5 62.
h4 Kxh4 63. Kxg6 h5 64. Re5 Nh3 65. Rxh5+ Kg4 66. Ra5 Nf4+ 67. Kf6 Nd3 68. Ra4+ Kf3 69. Kf5 Ke3 70. Rh4 Nf2 71. Rh8 Nd3 72. Rd8 Nc5 73. Ke5 Nd3+ 74. Kd5 Nf4+ 75. Kc4 Ke4 76. Re8 Kf5 77. Kd4 Ne6+ 78. Ke3 Ke5 79. Rh8 Kd5 80. Rh5+ Kd6 81.
Ke4 Nc5+ 82. Kd4 Ne6+ 83. Kc4 Nf4 84. Rg5 Ne6 85. Rd5+ Ke7 86. Rh5 Kf6 87. Kd3 Nf4+ 88.
Kc3 Ke5 89. Rh1 1/2-1/2

[Event "Paul Kerese Mälestusfestival 2022 Kiirturniir"]
[Site "Pärnu, Estonia Resort Hotel & Spa"]
[Date "????.??.??"]
[Round "3.8"]
[White "Shvyrjov, Igor"]
[Black "Vohla, Mihkel"]
[Result "1/2-1/2"]
[TimeControl "15 minutit partiile + 3 sek käigule"]
[WhiteTitle "GM"]
[WhiteElo "2153"]
[BlackElo "1720"]

1. d4 e6 2. Nf3 d5 3. c3 c5 4. e3 Nc6 5. Bd3 Nf6 6. Nbd2 Bd6 7. O-O O-O 8. dxc5 Bxc5 9. e4 a5 10. Qe2 d4 11. e5 Nd5 12. Nb3 Bb6 13.
Nbxd4 Nxd4 14. cxd4 Nb4 15. Be4 Bd7 16. a3 Nd5 17. Bg5 Qe8 18. Rfc1 h6 19. Be3 Bc6 20. Nd2 Rd8 21. Nc4 Bb5 22.
Bd3 Bxd4 23. Nd6 Bxd3 24. Qxd3 Rxd6 25. exd6 Bxb2 26. Bd4 Nf4 27. Qe4 Bxd4 28. Qxf4 Bxa1 29. Rxa1 Qc6 30. Rd1 Rd8 31. h4 b5 32. g4 Qc2 33.
Rc1 Qd3 34. Rc7 Qd1+ 35. Kg2 Qd5+ 36. Kg1 e5 37. Qf5 Rxd6 38. g5 hxg5 39. hxg5 g6 40. Rc8+ Rd8 41. Rxd8+ Qxd8 42. Qxe5 b4 43. axb4 axb4 44. Kg2 b3 45. Qb5 b2 46. Qxb2 Qxg5+ 47. Kf1 Qf4 48. Qc3 g5 49.
Qc8+ Kg7 50. Qc3+ f6 51. Qd3 g4 52. Qd7+ Kh6 53. Qd3 Kg5 54. Qh7 Qf3 55. Qg7+ Kf5 56. Qh7+ Ke6 57. Qg8+ Ke5 58.
Kg1 Qf5 59. Qb8+ Ke4 60. Qb1+ Kf4 61. Qc1+ Ke5 62. Qc5+ Ke6 63. Qc8+ Ke5 64. Qc5+ Ke4 65. Qc2+ Kf4 66. Qc1+ Ke5 67. Qc5+ Kd5 1/2-1/2

[Event "Paul Kerese Mälestusfestival 2022 Kiirturniir"]
[Site "Pärnu, Estonia Resort Hotel & Spa"]
[Date "2022.07.23"]
[Round "4.1"]
[White "Volodin, Aleksandr"]
[Black "Shirov, Alexei"]
[Result "1/2-1/2"]
[TimeControl "15 minutit partiile + 3 sek käigule"]
[WhiteTitle "GM"]
[BlackTitle "GM"]
[BlackFideId "2209390"]
[WhiteElo "2407"]
[BlackElo "2621"]

1. d4 d5 2. c4 c6 3.
Nf3 Nf6 4. e3 Bf5 5. Nc3 e6 6. Nh4 Be4 7. f3 Bg6 8. Nxg6 hxg6 9. f4 Bb4 10. Bd3 dxc4 11. Bxc4 Ne4 12. O-O Bxc3 13.
bxc3 b5 14. Qc2 Qh4 15. Qxe4 Qxh2+ 16. Kf2 Qh4+ 17. Kg1 bxc4 18. Ba3 Qh2+ 19. Kf2 Qh4+ 20. Kg1 Qh2+ 21. Kf2 Qh4+ 22. Kg1 Qh5 23. Rab1 Qd5
24. Qxd5 exd5 25. Rb7 Nd7 26. Rc7 Nb8 27. Rb7 1/2-1/2

[Event "Paul Kerese Mälestusfestival 2022 Kiirturniir"]
[Site "Pärnu, Estonia Resort Hotel & Spa"]
[Date "2022.07.23"]
[Round "4.2"]
[White "Agrest, Evgenij"]
[Black "Chukavin, Kirill"]
[Result "1-0"]
[TimeControl "15 minutit partiile + 3 sek käigule"]
[WhiteTitle "GM"]
[BlackTitle "FM"]
[WhiteElo "2563"]
[BlackElo "2418"]

1. Nf3 d5 2. b3 Nf6 3. Bb2 c6 4. c4 e6 5. e3 Nbd7 6. Qc2 Bd6 7. Nc3 Qe7 8. h3 a6 9. g4 h6 10.
Bg2 O-O 11. d4 e5 12. cxd5 Nxd5 13. Nxd5 cxd5 14. dxe5 Nxe5 15. Nd4 Bb4+ 16. Bc3 Be6 17. Bxb4 Qxb4+ 18. Ke2 Rac8 19. Qd2 Qxd2+ 20. Kxd2 Nc6 21. Nxc6 Rxc6 22. Rac1 Rfc8 23. Rxc6 bxc6 24. Rc1 c5 25. f4 g6 26. Kc3 Kf8 27. Rd1 d4+ 28. Kd2 dxe3+ 29. Kxe3 c4 30. Rc1 cxb3 31. Rxc8+ Bxc8 32. axb3 a5 33. Kd4 h5 34. gxh5 gxh5 35. h4 Kg7 36. Be4 Kf6 37. Kc5 Bf5 38. Bd5 Be6 39. Bxe6 fxe6 1-0

[Event "Paul Kerese Mälestusfestival 2022 Kiirturniir"]
[Site "Pärnu, Estonia Resort Hotel & Spa"]
[Date "2022.07.23"]
[Round "4.3"]
[White "Golubovskis, Maksims"]
[Black "Agafonov, Yuri"]
[Result "1-0"]
[TimeControl "15 minutit partiile + 3 sek käigule"]
[WhiteTitle "FM"]
[WhiteElo "2209"]
[BlackElo "2018"]

1. e4 g6 2. d4 Bg7 3.
Nc3 d6 4. Be3 Nd7 5. Qd2 a6 6.
a4 b6 7.
f4 Bb7 8. d5 Ngf6 9. Nf3 c5 10. h3 O-O 11. Bc4 Ne8 12. O-O Nc7 13. Qe2 b5 14. axb5 axb5 15. Rxa8 Qxa8 16. Nxb5 Nxb5 17.
Bxb5 Nf6 18. Bf2 Nh5 19. Qd2 Qa2 20. b3 Rb8 21. Bc4 Ba6 22. Bxa6 Qxa6 23. g4 Nf6 24. Re1 Qa2 25. Qd3 Nd7 26. e5 Rb4 27. exd6 exd6 28.
Re8+ Nf8 29. f5 c4 30. bxc4 Rxc4 31. Re2 Nd7 32. fxg6 hxg6 33. Re8+ Nf8 34. Re4 Rc3 35. Qd1 Rxc2 36.
Bh4 Qa7+ 37. Kh1 Qc5 38. Re1 Nd7 39. Re8+ Nf8 40. Re1 Nd7 41. Re8+ Bf8 42. Re1 Nb6 43. Nd4 Qxd5+ 44. Nf3 Qc6 45.
Kg1 Nc4 46. Qd3 Qc5+ 47. Kh1 Ne5 48.
Nxe5 dxe5 49. Rf1 Qc6+ 50. Qf3 Qe6 51. Re1 Rc4 52. Bf6 e4 53. Qf4 Qc6 54. Kg1 Bc5+ 55. Kf1 Bf8 56. Kg1 Ra4 57. Bb2 Qb6+ 58. Qf2 e3 59.
Rxe3 Bc5 60. Re8+ Bf8 61. Qxb6 1-0

[Event "Paul Kerese Mälestusfestival 2022 Kiirturniir"]
[Site "Pärnu, Estonia Resort Hotel & Spa"]
[Date "2022.07.23"]
[Round "4.4"]
[White "Vohla, Mihkel"]
[Black "Maiorov, Nikita"]
[Result "0-1"]
[TimeControl "15 minutit partiile + 3 sek käigule"]
[BlackTitle "GM"]
[WhiteElo "1720"]
[BlackElo "2431"]

1. e4 c6 2. f4 d5 3. e5 c5 4. Nf3 Nc6 5. c4 dxc4 6. Bxc4 e6 7. O-O Nh6 8. Nc3 Nf5 9. Ne4 Be7 10.
d3 a6 11. a3 b5 12. Ba2 Bb7 13. g4 Nfd4 14. Be3 h5 15. Nfg5 hxg4 16. Qxg4 Nc2 17. Bf2 Nxa1 18. Nxf7 Qxd3 19.
Ned6+ Kf8 20. Nxh8 Nd4 21. Ng6+ Qxg6 22. Qxg6 Ne2# 23. Qd3 0-1

[Event "Paul Kerese Mälestusfestival 2022 Kiirturniir"]
[Site "Pärnu, Estonia Resort Hotel & Spa"]
[Date "2022.07.23"]
[Round "4.5"]
[White "Kivioja, Endel"]
[Black "Shvyrjov, Igor"]
[Result "1/2-1/2"]
[TimeControl "15 minutit partiile + 3 sek käigule"]
[BlackTitle "GM"]
[WhiteElo "2142"]
[BlackElo "2153"]

1. e4 g6 2. d4 Bg7 3.
Nf3 d6 4. g3 c6 5. Bg2 Nf6 6.
Nc3 O-O 7. O-O Bg4 8. a4 a5 9. h3 Bxf3 10. Bxf3 Nbd7 11. Be3 Re8 12. Bg2 e5 13. Re1 Qc7 14. Qd2 Rad8 15. Rad1 Nf8 16.
d5 cxd5 17. exd5 b6 18. Nb5 Qb8 19. b4 axb4 20. Qxb4 Re7 21. Rb1 Ne8 22. Nc3 Rc8 23. Bxb6 Rb7 24. a5 Nd7 25. Na4 Nxb6 26. Nxb6 Rxc2 27. a6 Ra7 28. Qa4 Rcc7 29. Bf1 Qd8 30.
Bb5 Re7 31. Bc6 h5 32. h4 f5 33. Bb7 f4 34. Nc8 Rexb7 35. axb7 Rxa4 36. b8=Q fxg3 37. fxg3 e4 38. Nxd6 Qxd6 39.
Qxe8+ Kh7 40. Qxa4 Qxg3+ 41. Kf1 Qf3+ 42.
Kg1 Qg4+ 43. Kf1 Qf3+ 44. Kg1 Qg3+ 45. Kf1 Qd3+ 46. Kg2 Qd2+ 47. Kf1 Qd3+ 48. Kg2 Qf3+ 49.
Kg1 Qg3+ 50. Kf1 Qh3+ 51. Kg1 Qg4+ 52. Kf1 Qf3+ 53. Kg1 Qg3+ 1/2-1/2

[Event "Paul Kerese Mälestusfestival 2022 Kiirturniir"]
[Site "Pärnu, Estonia Resort Hotel & Spa"]
[Date "2022.07.23"]
[Round "4.6"]
[White "Heinmets, Tõnu"]
[Black "Dzjuba, Jegor"]
[Result "1-0"]
[TimeControl "15 minutit partiile + 3 sek käigule"]
[WhiteElo "1993"]
[BlackElo "1629"]

1. Nf3 d5 2. g3 Nf6 3. Bg2 c5 4. O-O Nc6 5. d3 e5 6. Nbd2 Be7 7. e4 dxe4 8. dxe4 O-O 9. a4 Qc7 10.
Qe2 Nd4 11. Qd1 Rd8 12. c3 Ne6 13. Qc2 c4 14. Re1 Bd7 15. Bf1 b5 16. axb5 Bxb5 17. b3 cxb3 18. Qxb3 Bxf1 19. Nxf1 Rd3 20.
Re3 Nc5 21. Qc4 Rxe3 22. Nxe3 Nfxe4 23. Nd5 Qd6 24. Nxe7+ Qxe7 25. Ba3 Qe6 26. Qxe6 Nxe6 27. Nxe5 Nxc3 28. Bb4 Nd5 29. Bd2 f6 30. Nc6 a6 31.
h4 Kf7 32. h5 Ne7 33. Na5 Rd8 34. Be3 Rd5 35. h6 g5 36. Nc4 Nf5 37. Rxa6 Nxh6 38. Nd6+ Ke7 39. Ne4 Rd7 40. Nc5 Nxc5 41.
Bxc5+ Kf7 42. Kg2 Nf5 43. Bb4 Ne7 44. Bc3 Nd5 45. Ba1 h5 46. Kf3 Kg6 47. Ke4 Kf7 48. f3 Kg7 49. Ra5 Ne7 50.
Rxg5+ Kh6 51. Bxf6 Ng6 52. Rd5 Ra7 53. Bg5+ Kg7 54. Be3 Ra4+ 55. Bd4+ Kf7 56. Rxh5 Ne7 57. Rh7+ Ke8 58. Rh6 Kd7 59.
Rh5 Nc6 60. Rd5+ Ke7 61. g4 Nb4 62. Bc5+ Ke6 63. Rd4 Ra5 64. Bxb4 Rb5 65. Bd6 Kf6 66. f4 Kg6 67. Be5 Kf7 68. Kf5 Ke7 69. g5 Kf7 70. Rd7+ Ke8 71. Ra7 Kf8 72. Ke6 Kg8 73. g6 Rb6+ 74. Bd6 Kh8 75. f5 Kg8 76. f6 Kh8 77. Ra8+ 1-0

[Event "Paul Kerese Mälestusfestival 2022 Kiirturniir"]
[Site "Pärnu, Estonia Resort Hotel & Spa"]
[Date "2022.07.23"]
[Round "4.7"]
[White "Kantans, Toms"]
[Black "Mikko, Rondo"]
[Result "1-0"]
[TimeControl "15 minutit partiile + 3 sek käigule"]
[WhiteTitle "GM"]
[WhiteElo "2422"]
[BlackElo "1893"]

1. e4 c6 2. d4 d5 3. Nc3 dxe4 4. Nxe4 Nf6 5. Nxf6+ exf6 6.
c3 Bf5 7. Bf4 Bd6 8. Bxd6 Qxd6 9. Bd3 Bxd3 10. Qxd3 O-O 11. Ne2 Nd7 12. O-O Rfe8 13. Ng3 g6 14. Rfd1 f5 15. c4 Rad8 16.
Qb3 b6 17. Qa4 a6 18. d5 Ne5 19. dxc6 Qxc6 20. Qxc6 Nxc6 21. Kf1 Kf8 22. Ne2 Ne5 23. b3 Nc6 24. Nc3 Nb4 25. g3 h6 26.
h4 h5 27. Rab1 Nc6 28. Nd5 b5 29. Nc7 Rxd1+ 30. Rxd1 Rc8 31. Nxa6 bxc4 32. b4 1-0

[Event "Paul Kerese Mälestusfestival 2022 Kiirturniir"]
[Site "Pärnu, Estonia Resort Hotel & Spa"]
[Date "2022.07.23"]
[Round "4.8"]
[White "Aitsen, Alver"]
[Black "Olde, Grete"]
[Result "0-1"]
[TimeControl "15 minutit partiile + 3 sek käigule"]
[BlackTitle "WCM"]
[WhiteElo "1651"]
[BlackElo "2054"]

1. e4 e5 2. Nf3 Nc6 3. d4 exd4 4. Bc4 Nf6 5. e5 d5 6. Bb5 Ne4 7. Nxd4 Bd7 8. Bxc6 bxc6 9. O-O Bc5 10. f3 Ng5 11. f4 Ne4 12. Be3 O-O 13.
Nd2 Nxd2 14. Qxd2 Bb6 15. a4 a5 16. f5 Qe7 17. Nf3 Bxf5 18. Bxb6 cxb6 19. Rae1 Qc5+ 20. Nd4 Be4 21. Kh1 Rae8 22.
e6 fxe6 23. Rxf8+ Rxf8 24. Nxe6 Qf2 25. Qxf2 Rxf2 26. Ng5 Rxc2 27. Kg1 Rxg2+ 28. Kf1 Rxg5 29. Rc1 c5 30. b4 axb4 31. a5 bxa5 32. Rxc5 b3 33. h4 Rf5+ 34.
Ke2 b2 35. h5 b1=Q 36. h6 Qd3+ 37. Ke1 Rf1# 0-1

[Event "Paul Kerese Mälestusfestival 2022 Kiirturniir"]
[Site "Pärnu, Estonia Resort Hotel & Spa"]
[Date "????.??.??"]
[Round "5.1"]
[White "Shirov, Alexei"]
[Black "Agrest, Evgenij"]
[Result "0-1"]
[TimeControl "15 minutit partiile + 3 sek käigule"]
[WhiteTitle "GM"]
[BlackTitle "GM"]
[WhiteFideId "2209390"]
[WhiteElo "2621"]
[BlackElo "2563"]

1. e4 c6 2. d4 d5 3. e5 c5 4. dxc5 e6 5. a3 Bxc5 6. Nf3 f6 7. b4 Be7 8. Bb5+ Bd7 9. Bd3 Nc6 10. O-O Nxe5 11. Nxe5 fxe5 12.
Bb2 Bf6 13. Bxe5 Bxe5 14. Qh5+ g6 15. Qxe5 Qf6 16. Re1 Qxe5 17. Rxe5 Nf6 18. Nd2 O-O 19. Nb3 b6 20. h3 a5 21.
bxa5 bxa5 22. Nc5 Kf7 23. Rae1 Rfe8 24. g4 Bc8 25. c4 Ra7 26. cxd5 exd5 27. Rxe8 Nxe8 28. Bb5 Nf6 29. Nd3 Re7 30.
Ne5+ Kg7 31. f3 Bb7 32. Bd3 Nd7 33. f4 Nxe5 34. Rxe5 Rxe5 35. fxe5 Kf7 36. h4 Ke6 37. h5 gxh5 38. g5 Kxe5 39. Bxh7 d4 40.
Bd3 Bd5 41. Kf2 Kf4 42. g6 h4 43. g7 h3 44. Bf1 h2 45. Bg2 Bg8 46. Ke2 Bh7 47. Kd2 Kg3 48. Bh1 0-1

[Event "Paul Kerese Mälestusfestival 2022 Kiirturniir"]
[Site "Pärnu, Estonia Resort Hotel & Spa"]
[Date "????.??.??"]
[Round "5.2"]
[White "Maiorov, Nikita"]
[Black "Golubovskis, Maksims"]
[Result "1-0"]
[TimeControl "15 minutit partiile + 3 sek käigule"]
[WhiteTitle "GM"]
[BlackTitle "FM"]
[WhiteElo "2431"]
[BlackElo "2209"]

1. d4 Nf6 2. c4 e6 3. Nf3 d5 4. Nc3 Bb4 5. cxd5 exd5 6. Bg5 h6 7. Bh4 O-O 8. e3 c6 9. Bd3 Be7 10. Qc2 Re8 11. O-O Ne4 12. Bxe7 Qxe7 13.
Bxe4 dxe4 14. Nd2 Bf5 15. f3 Qg5 16. f4 Qe7 17. Ne2 Nd7 18. Ng3 Qe6 19. Qb3 Qxb3 20. axb3 g6 21. Nc4 Re6 22.
Ne2 Nf6 23. h3 h5 24. Nb6 Rb8 25. Rxa7 Nd5 26. Nxd5 cxd5 27. Rfa1 Rb6 28. R1a3 Kg7 29. Nc3 Be6 30. R7a5 Rc8 31. Kf2 h4 32. Ke2 f6 33.
Kd2 Rd6 34. Rb5 g5 35. Rxb7+ Kg6 36. fxg5 fxg5 37. Raa7 Bg8 38. Ra1 Rf6 39. Re1 Be6 40. Rb6 Kf7 41. b4 Rf2+ 42. Re2 Rf1 43. b5 g4 44. Rb7+ Kg6 45.
Re7 Bf5 46. b6 gxh3 47. gxh3 Bxh3 48. b7 Rcf8 49. Nxd5 Bg4 50. Rg2 R8f2+ 51. Rxf2 Rxf2+ 52. Kc3 Rf8 53. Nf4+ Kf5 54. Rf7+ 1-0

[Event "Paul Kerese Mälestusfestival 2022 Kiirturniir"]
[Site "Pärnu, Estonia Resort Hotel & Spa"]
[Date "????.??.??"]
[Round "5.3"]
[White "Heinmets, Tõnu"]
[Black "Volodin, Aleksandr"]
[Result "0-1"]
[TimeControl "15 minutit partiile + 3 sek käigule"]
[BlackTitle "GM"]
[WhiteElo "1993"]
[BlackElo "2407"]

1. b3 d5 2. Bb2 c5 3. e3 a6 4. a4 Nc6 5. Nf3 Nf6 6. d4 Bg4 7. Be2 e6 8. O-O Be7 9. h3 Bh5 10.
Nbd2 O-O 11. c4 Rc8 12. Ne5 Bxe2 13. Qxe2 cxd4 14. Nxc6 bxc6 15. exd4 Qb6 16. c5 Qb7 17. Bc3 Nd7 18.
Rfb1 Bf6 19. b4 Rb8 20. Rb3 Rfe8 21. f4 g6 22. Rab1 Bg7 23. Nf3 Nf6 24. b5 axb5 25. axb5 Ne4 26.
Ba5 Ra8 27. bxc6 Qxc6 28. Qb5 Qc8 29. Ne5 Bh6 30. g3 f6 31. Nd7 e5 32. dxe5 Rxa5 33. Nxf6+ Nxf6 34. Qxa5 Nd7 35. Rd3 Bf8 36. Rxd5 Nxc5 37. Rc1 Qxh3 38.
Rdxc5 Qxg3+ 39. Kh1 Qh4+ 40. Kg1 Bxc5+ 41. Qxc5 Qg4+ 42. Kh1 Qxf4 43. Qd5+ Qf7 44. Qe4 Qe6 45. Re1 Kg7 46. Kg2 Re7 47. Re2 h5 48. Re1 Rc7 49.
Re2 Rc4 50. Qb7+ Kh6 51. Qf3 Rg4+ 52.
Kf2 Qb6+ 53. Re3 Qb4 54. e6 Rf4 55. e7 Qb2+ 56. Kg3 0-1

[Event "Paul Kerese Mälestusfestival 2022 Kiirturniir"]
[Site "Pärnu, Estonia Resort Hotel & Spa"]
[Date "????.??.??"]
[Round "5.4"]
[White "Krilovs, Nikolajs"]
[Black "Kantans, Toms"]
[Result "0-1"]
[TimeControl "15 minutit partiile + 3 sek käigule"]
[BlackTitle "GM"]
[WhiteElo "1954"]
[BlackElo "2422"]

1. d4 Nf6 2. Nf3 g6 3. c4 Bg7 4.
e3 O-O 5. Be2 c5 6. d5 d6 7. Nc3 e6 8. O-O Re8 9. Re1 exd5 10. cxd5 Bg4 11. Nd2 Bxe2 12. Qxe2 Nbd7 13. Nc4 Nb6 14.
e4 Nfxd5 15. Nxd5 Nxd5 16. Rd1 Bd4 17. Qf3 Nb6 18. Ne3 Qe7 19. Ng4 f5 20. Nh6+ Kg7 21. h4 Qxe4 22. Qb3 c4 23.
Qg3 Be5 24. Qh3 Nd5 25. g3 c3 26. Rxd5 Qxd5 27. bxc3 Bxc3 28. Rb1 Re1+ 0-1

[Event "Paul Kerese Mälestusfestival 2022 Kiirturniir"]
[Site "Pärnu, Estonia Resort Hotel & Spa"]
[Date "????.??.??"]
[Round "5.5"]
[White "Chukavin, Kirill"]
[Black "Valdats, Reinis"]
[Result "1-0"]
[TimeControl "15 minutit partiile + 3 sek käigule"]
[WhiteTitle "FM"]
[WhiteElo "2418"]
[BlackElo "1497"]

1. e4 c5 2. Nf3 e6 3. d4 cxd4 4. Nxd4 Nc6 5. Nc3 Qc7 6. g3 a6 7. Bg2 Nf6 8. O-O Bb4 9. Nxc6 bxc6 10. Qd4 Be7 11. e5 Nd5 12. Ne4 O-O 13.
c4 Nb4 14. Nf6+ Kh8 15. Qh4 Bxf6 16. exf6 g6 17. Bh6 Re8 18. Bg7+ Kg8 19. Qh6 Qd6 20. Rfd1 Qc5 21. a3 Nc2 22. Rac1 Nxa3 23. bxa3 e5 24.
h4 e4 25. Re1 Bb7 26. Rb1 Rab8 27. Rxe4 Rxe4 28. Bxe4 Qxa3 29. Qf4 d6 30. Qh6 d5 31. Qf4 Re8 32. Rxb7 dxe4 33. Re7 Rd8 34.
Qxe4 Qc1+ 35. Kg2 1-0

[Event "Paul Kerese Mälestusfestival 2022 Kiirturniir"]
[Site "Pärnu, Estonia Resort Hotel & Spa"]
[Date "????.??.??"]
[Round "5.6"]
[White "Shvyrjov, Igor"]
[Black "Tsiganova, Monika"]
[Result "1-0"]
[TimeControl "15 minutit partiile + 3 sek käigule"]
[WhiteTitle "GM"]
[BlackTitle "WIM"]
[WhiteElo "2153"]
[BlackElo "1906"]

1. d4 Nf6 2. Nf3 e6 3. g3 c5 4. Bg2 cxd4 5. O-O Nc6 6. Nxd4 d5 7. Nb3 Be7 8. c3 O-O 9. Bg5 h6 10.
Bxf6 Bxf6 11. N1d2 b6 12. e4 Ba6 13. Re1 Ne5 14. exd5 exd5 15. Nf1 Nd3 16. Re2 Nxb2 17. Rxb2 Bxc3 18.
Rd2 Bxa1 19. Qxa1 Bb7 20. Ne3 a5 21. Nxd5 a4 22. Nd4 Bxd5 23. Nf5 Qg5 24. Rxd5 Rad8 25. h4 Qg4 26. Bf3 1-0

[Event "Paul Kerese Mälestusfestival 2022 Kiirturniir"]
[Site "Pärnu, Estonia Resort Hotel & Spa"]
[Date "????.??.??"]
[Round "5.7"]
[White "Agafonov, Yuri"]
[Black "Kivioja, Endel"]
[Result "1-0"]
[TimeControl "15 minutit partiile + 3 sek käigule"]
[WhiteElo "2018"]
[BlackElo "2142"]

1. d4 c5 2. d5 e5 3. e4 d6 4.
a4 Be7 5. Bb5+ Kf8 6. Ne2 Bg5 7. Nd2 g6 8.
O-O a6 9. Bd3 b6 10. c3 Nd7 11. Nc4 Qe7 12. Bxg5 Qxg5 13. Nxd6 Ne7 14. b4 Qf6 15. Nc4 Rb8 16. f4 Kg7 17.
Ne3 Rf8 18. Qd2 exf4 19. Rxf4 Qg5 20. h4 Qh5 21. Raf1 Ne5 22. Ng3 Qh6 23. d6 N7c6 24. Bxa6 Bxa6 25. Nef5+ 1-0

[Event "Paul Kerese Mälestusfestival 2022 Kiirturniir"]
[Site "Pärnu, Estonia Resort Hotel & Spa"]
[Date "????.??.??"]
[Round "5.8"]
[White "Olde, Grete"]
[Black "Zafra, Kim"]
[Result "1-0"]
[TimeControl "15 minutit partiile + 3 sek käigule"]
[WhiteTitle "WCM"]
[WhiteElo "2054"]
[BlackElo "1428"]

1. e4 d6 2. d4 Nf6 3.
Nc3 g6 4. Nf3 Bg7 5. Be2 Bg4 6. O-O O-O 7. Re1 Nc6 8. Be3 Re8 9. h3 Bxf3 10. Bxf3 e5 11. d5 Nd4 12. Bxd4 exd4 13. Nb5 c5 14. dxc6 bxc6 15. Nxd4 Qb6 16. Nb3 Rad8 17. c3 a5 18. Qc2 Nd7 19. Rad1 Ne5 20. Be2 c5 21.
Rd5 Rb8 22. Qd2 a4 23. Rxd6 Qc7 24. Nc1 Rxb2 25. Qxb2 Qxd6 26. Rd1 Qc6 27. Bb5 Qb6 28. Qe2 Ra8 29. c4 Qb7 30. Rd5 Nc6 31.
Rxc5 Nd4 32. Qg4 f5 33. exf5 gxf5 34. Qf4 Ne6 35. Qxf5 Nxc5 36. Qxc5 Rc8 37. Qg5 h6 38. Qg4 Rd8 39. Ne2 Rd1+ 40. Kh2 Qc7+ 41. Ng3 Rd2 42. Qe6+ Qf7 43.
Qxf7+ Kxf7 44. c5 Rxf2 45. Ne4 Be5+ 46.
Kg1 Bd4 47. Nxf2 Bxc5 48. Bxa4 Ke7 49. Kf1 Kd8 1-0

[Event "Paul Kerese Mälestusfestival 2022 Kiirturniir"]
[Site "Pärnu, Estonia Resort Hotel & Spa"]
[Date "????.??.??"]
[Round "6.1"]
[White "Agrest, Evgenij"]
[Black "Maiorov, Nikita"]
[Result "1/2-1/2"]
[TimeControl "15 minutit partiile + 3 sek käigule"]
[WhiteTitle "GM"]
[BlackTitle "GM"]
[WhiteElo "2563"]
[BlackElo "2431"]

1. Nf3 d5 2. e3 Nf6 3. c4 e6 4. b3 c5 5. Bb2 Nc6 6. cxd5 exd5 7. Nc3 a6 8. Rc1 Bd6 9. Be2 O-O 10.
d4 Qe7 11. dxc5 Bxc5 12. O-O Rd8 13. Na4 Ba7 14. Nd4 Bd7 15. Nxc6 Bxc6 16. Bd4 Bxa4 17. bxa4 Bxd4 18. Qxd4 Rac8 19.
Qb2 h6 20. a3 Qd7 21. a5 Rxc1 22. Rxc1 Rc8 23. h3 Rc7 24. Bf3 Qc8 25. Rxc7 Qxc7 26. Qb4 Qc1+ 27. Kh2 Qc7+ 28. Kg1 Qc1+ 29. Kh2 Qc7+ 30. g3 Qc6 31.
Kg2 Qc7 32. Kh2 Qc6 33. Kg2 Qc7 1/2-1/2

[Event "Paul Kerese Mälestusfestival 2022 Kiirturniir"]
[Site "Pärnu, Estonia Resort Hotel & Spa"]
[Date "????.??.??"]
[Round "6.2"]
[White "Volodin, Aleksandr"]
[Black "Chukavin, Kirill"]
[Result "1-0"]
[TimeControl "15 minutit partiile + 3 sek käigule"]
[WhiteTitle "GM"]
[BlackTitle "FM"]
[WhiteElo "2407"]
[BlackElo "2418"]

1. d4 Nf6 2. c4 e6 3. g3 d5 4. Bg2 Bb4+ 5. Bd2 Bd6 6. Qc2 c6 7. Nf3 Nbd7 8. O-O O-O 9. a4 Ne4 10. Ne1 f5 11. Nd3 g5 12. Be1 Qf6 13. e3 f4 14.
exf4 gxf4 15. Nd2 Nxd2 16. Bxd2 Qxd4 17. Nxf4 Bxf4 18. Bxf4 e5 19. Bh6 Rf6 20. Be3 Qxc4 21. Qxc4 dxc4 22. Rfd1 Nb6 23. a5 Nd5 24. Bxd5+ cxd5 25. Rxd5 Bf5 26. Rxe5 Bd3 27. Bd4 Rd6 28. Bc5 Rd7 29.
Rae1 b6 30. axb6 axb6 31. Bxb6 Ra2 32. Rb5 Kf7 33. Rb4 Rb7 34. Kg2 Kg6 35. Re6+ Kf5 36. Re3 Kg6 37. h3 Kf5 38. g4+ Kg6 39. Kg3 h5 40. f4 hxg4 41.
hxg4 Ra1 42. f5+ Kf7 43. Re6 Rf1 44. Bc5 Rc7 45. Bd4 Rd7 46.
Bc3 Rg1+ 47. Kf4 Bc2 48.
Rf6+ Ke7 49. Rbb6 Rf1+ 50. Kg5 Rd3 51. Bb4+ Kd7 52. Rf7+ Kc8 53. Rc6+ Kd8 54. Rh7 Rg1 55. Ba5+ 1-0

[Event "Paul Kerese Mälestusfestival 2022 Kiirturniir"]
[Site "Pärnu, Estonia Resort Hotel & Spa"]
[Date "????.??.??"]
[Round "6.3"]
[White "Kantans, Toms"]
[Black "Olde, Grete"]
[Result "1-0"]
[TimeControl "15 minutit partiile + 3 sek käigule"]
[WhiteTitle "GM"]
[BlackTitle "WCM"]
[WhiteElo "2422"]
[BlackElo "2054"]

1. e4 e5 2. Nf3 Nc6 3. Bb5 a6 4.
Ba4 Nf6 5. O-O Be7 6. Qe2 b5 7. Bb3 d6 8. c3 O-O 9. Rd1 Na5 10. Bc2 c5 11. d4 Nd7 12. dxe5 dxe5 13. Nxe5 Qc7 14.
Nxd7 Bxd7 15. Nd2 Bd6 16. Nf1 Rae8 17. Qd3 1-0

[Event "Paul Kerese Mälestusfestival 2022 Kiirturniir"]
[Site "Pärnu, Estonia Resort Hotel & Spa"]
[Date "????.??.??"]
[Round "6.4"]
[White "Agafonov, Yuri"]
[Black "Shvyrjov, Igor"]
[Result "1-0"]
[TimeControl "15 minutit partiile + 3 sek käigule"]
[BlackTitle "GM"]
[WhiteElo "2018"]
[BlackElo "2153"]

1. d4 d6 2. Bg5 g6 3. c3 Bg7 4. Nd2 Nf6 5. e4 h6 6. Bh4 O-O 7. Be2 c6 8. f4 Qc7 9. h3 Re8 10.
g4 c5 11. Ngf3 d5 12. e5 Ne4 13. Bd3 f5 14. gxf5 Bxf5 15. Qe2 Nxd2 16. Qxd2 Rf8 17. Rg1 g5 18. fxg5 h5 19. Bxf5 Rxf5 20.
Qd3 e6 21. O-O-O Nc6 22. dxc5 Raf8 23. Nd4 Nxd4 24. cxd4 b6 25. Qe2 Rf3 26. Rd3 Rxd3 27. Qxd3 bxc5 28. Kb1 cxd4 29. Rc1 Qxe5 30. Ka1 Qe4 31. Qg3 Qf4 32. Qe1 Qe3 33. Qd1 d3 34.
Be1 Qe2 35. Qxe2 dxe2 36. Rc2 Rf1 37. Rxe2 e5 38. Kb1 e4 39. Kc2 Kh7 40. h4 Kg6 41. b4 Kf5 42. Rf2+ Rxf2+ 43. Bxf2 d4 44. Kd2 Kf4 45. b5 Kf3 46. Be1 Bf8 47. g6 d3 48. Kd1 e3 49. Bc3 Kf2 50. Bd4 Bg7 51.
Bxa7 Bh6 52. Bxe3+ Kxe3 53. b6 Bf8 54. b7 1-0